 Dungeon Crawl Stone Soup version 0.30.1-4-g462c640d31 (webtiles) character file.

Game seed: 3344599474718905836

53 Nick1 the Shield-Bearer (level 4, -2/37 HPs)
             Began as a Formicid Fighter on Sept 12, 2023.
             Engulfed by a cloud of poison gas (11 damage)
             ... on level 1 of the Dungeon.
             The game lasted 00:04:26 (470 turns).

Nick1 the Shield-Bearer (Formicid Fighter)           Turns: 470, Time: 00:04:27

Health: -2/37      AC:  6    Str: 23    XL:     4   Next: 10%
Magic:  4/4        EV:  9    Int:  7    God:
Gold:   51         SH:  5    Dex: 13    Spells: 3/3 levels left

rFire   . . .        a - +0 war axe
rCold   . . .        c - +0 buckler
rNeg    . . .        b - +0 scale mail
rPois   .            (helmet unavailable)
rElec   .            (no cloak)
rCorr   .            (no gloves)
SInv    +            (no boots)
Will    .....        (no amulet) Stlth
                     (no ring)
HPRegen 0.26/turn    (no ring)
MPRegen 0.09/turn

%: no passive effects
@: lethally poisoned (-2 -> -39), very slow
A: permanent stasis, dig shafts and tunnels, antennae 3, four strong arms
a: Dig, Shaft Self


You were on level 1 of the Dungeon.
You visited 1 branch of the dungeon, and saw 1 of its levels.

You collected 51 gold pieces.

Inventory:

Hand Weapons
 a - a +0 war axe (weapon)
Armour
 b - a +0 scale mail (worn)
 c - a +0 buckler (worn)
Scrolls
 h - a scroll of enchant weapon {unknown}
Potions
 d - a potion of might
 f - 2 potions of cancellation {unknown}


   Skills:
 * Level 4.0 Fighting
 * Level 3.0 Axes
 * Level 3.5 Armour
 * Level 4.2 Shields


You had 3 spell levels left.
You didn't know any spells.
Your spell library was empty.

Dungeon Overview and Level Annotations

Branches:
Dungeon (1/15)

Altars:


Innate Abilities, Weirdness & Mutations

You cannot be hasted, slowed, berserked, paralysed or teleported.
You can dig through walls and to a lower floor.
You have a pair of large antennae on your head. (SInv)
Your four strong arms can wield two-handed weapons with a shield.


Message History

You slash the giant cockroach!
You kill the giant cockroach!
You barely miss the hobgoblin. You slash the bat!
You kill the bat!
The hobgoblin hits you but does no damage.
You have reached level 4!
You feel stronger.
Unknown command.
You hit the hobgoblin but do no damage. You hit the hobgoblin.
The hobgoblin closely misses you. The hobgoblin hits you.
You barely miss the hobgoblin. You slash the hobgoblin!
You kill the hobgoblin!
The hobgoblin barely misses you. x2
Your Fighting skill increases to level 4!
You hit the hobgoblin.
You kill the hobgoblin!
Found 3 gold pieces.
You now have 51 gold pieces (gained 3).
Things that are here:
a +0 club; 4 stones; a kobold corpse Done exploring.
Done exploring.
As you read the scroll labelled MYZAN FAXIRE, it crumbles to dust.
You hear a loud clanging noise!
It was a scroll of noise.
The air fills with toxic fumes!
As you read the scroll labelled LOWIC DIMI, it crumbles to dust.
It was a scroll of poison.
Really walk into that cloud of poison gas?
You enter the shallow water.
Moving in this stuff is going to be slow.
You are engulfed in poison gas.
You are poisoned.
You feel very sick.
You are engulfed in poison gas.
You are lethally poisoned!
* * * LOW HITPOINT WARNING * * *
You feel extremely sick.
You are engulfed in poison gas.
You are more poisoned.
You die...

###############................##
...†............##########.######
...)####################.......##
....# #§§§§§§§§§§##§..........#
....# #§§§§§§§§§§§§§~~..##....##
....# #§§§§§§§§§§§§§≈~...#..#...
....# #§§§§§§§§§§§§§.~~~....#.##
....# #§§§§§.§§§§§§§..≈....##.#.
....# #§§§§§§§§@§§§§~~....[.#...
....# #§§§§§§§§§§§§§..~.~..#....
....# #§§§§§§§§§§§§§~~.≈..##....
....# #§§§§§§§§§§§§§~~....###..#
..### #§§§§§§§§§§§§§~......#....
..# #§§§§§§§§§§§§§...###....##
..# ################## #######
..# ..#


There were no monsters in sight!

Vanquished Creatures
  2 gnolls (D:1)
  A dart slug (D:1)
  2 ball pythons (D:1)
  5 bats (D:1)
  An endoplasm (D:1)
  2 giant cockroaches (D:1)
  A goblin (D:1)
  7 hobgoblins (D:1)
  A quokka (D:1)
  3 frilled lizards (D:1)
  2 kobolds (D:1)
  A rat (D:1)
28 creatures vanquished.

Notes
Turn   | Place    | Note
-------+----------+-------------------------------------------
     0 | D:1      | Nick1 the Formicid Fighter began the quest for the Orb.
     0 | D:1      | Reached XP level 1. HP: 18/18 MP: 1/1
   143 | D:1      | Reached XP level 2. HP: 24/24 MP: 2/2
   300 | D:1      | Reached XP level 3. HP: 26/30 MP: 3/3
   392 | D:1      | Reached XP level 4. HP: 32/37 MP: 4/4
   470 | D:1      | Engulfed by a cloud of poison gas

Illustrated notes

Levels and vault maps discovered:
D:1:      dpeg_arrival_more_subterranean_lakeside_camping, layout_basic

Skill      XL: |  1  2  3  4 |
---------------+-------------+-----
Axes           | 3 |  3.0
Fighting       | 4 |  4.0
Armour         | |  3.5
Shields        | |  4.2

Action                     |  1- 3 |  4- 6 || total
---------------------------+-------+-------++-------
  Melee: War axe           |    61 |     3 ||    64
    Use: Scroll            |       |     2 ||     2
 Armour: Scale mail        |    30 |       ||    30
  Dodge: Dodged            |    34 |     3 ||    37
  Block: Buckler           |    28 |       ||    28
